Map: Inside and Out

Players

A.I. 1 (Elite)

  • Race: Zerg Zerg
  • Spawn Location: 7:00

Echo - Winner!

  • Race: Zerg Zerg
  • League: Gold
  • Spawn Location: 1:00

VOD

Have the link to the VOD?

Description

Time

  • Played on: Nov. 30, 2022, 12:33 a.m.
  • Length: 11:40
Show
View Real Time Build Order
Export as new Build Order

A.I. 1 (Elite) Zerg 

Build Orders: Pool First 

Get SALT Encoding   

  12  0:00  Drone  
  13  0:12  Overlord  
  13  0:16  Drone  
  14  0:30  Drone x2  
  16  0:41  Spawning Pool  
  15  0:44  Drone  
  15  0:48  Drone  
  17  1:11  Hatchery  
  17  1:13  Drone  
  17  1:15  Extractor  
  17  1:18  Drone  
  17  1:22  Drone  
  18  1:28  Drone  
  19  1:38  Overlord  
  19  1:41  Extractor  
  18  1:49  Drone  
  18  1:50  Queen  
  21  2:00  Zergling x2  
  21  2:10  Zergling x2  
  21  2:21  Zergling x2  
  22  2:23  Zergling x2  
  22  2:52  Drone x2, Queen  
  26  3:14  Drone x3  
  26  3:15  Drone  
  26  3:16  Roach Warren  
  29  3:23  Overlord  
  29  3:48  Drone x3  
  32  3:59  Drone x2, Roach x2  
  38  4:07  Overlord  
  38  4:19  Overlord, Lair  
  38  4:27  Roach x2, Zergling x2  
  38  4:30  Zergling x2  
  44  4:40  Zergling x2  
  45  4:51  Drone  
  46  4:55  Roach, Drone x2  
  50  5:03  Roach  
  52  5:10  Hatchery  
  52  5:13  Drone  
  52  5:24  Overlord, Drone  
  53  5:40  Metabolic Boost  
  53  5:42  Drone  
  54  5:44  Hydralisk Den  
  54  5:46  Infestation Pit  
  54  5:47  Overlord  
  54  5:49  Drone  
  53  5:53  Drone  
  53  5:55  Drone  
  55  5:58  Drone  
  55  6:01  Drone  
  57  6:06  Drone  
  58  6:13  Baneling Nest  
  58  6:17  Drone  
  58  6:20  Hydralisk  
  58  6:21  Drone  
  58  6:22  Roach  
  58  6:24  Hydralisk  
  64  6:28  Infestor  
  64  6:32  Zergling x2  
  61  6:39  Zergling x2  
  57  6:43  Roach  
  55  6:49  Hydralisk  
  55  6:50  Roach  
  59  6:58  Baneling  
  59  6:59  Hydralisk  
  61  7:04  Drone  
  62  7:09  Drone  
  62  7:11  Drone  
  62  7:15  Drone  
  64  7:36  Overlord  
  64  7:38  Hatchery  
  64  7:39  Zergling x2  
  64  7:41  Drone  
  64  7:43  Drone  
  66  7:47  Drone  
  66  7:49  Drone  
  68  7:56  Roach  
  68  7:58  Overseer  
  70  8:01  Overlord  
  70  8:06  Roach  
  70  8:11  Roach  
  74  8:16  Roach  
  76  8:20  Infestor  
  78  8:27  Overlord  
  78  8:28  Baneling  
  78  8:30  Baneling  
  78  8:32  Zergling x2  
  79  8:40  Evolution Chamber  
  78  9:01  Roach x2  
  82  9:07  Zerg Missile Weapons Level 1  
  82  9:09  Evolution Chamber  
  80  9:12  Hydralisk  
  80  9:14  Zergling x2  
  80  9:15  Zergling x2  
  73  9:18  Hydralisk  
  73  9:22  Hydralisk  
  65  9:26  Roach  
  65  9:28  Roach  
  65  9:31  Hydralisk  
  63  9:32  Baneling x2  
  63  9:33  Baneling, Zergling x2  
  63  9:35  Zerg Ground Armor Level 1, Baneling, Zergling x2  
  67  9:39  Roach  
  67  9:41  Roach  
  67  9:44  Roach  
  70  9:51  Hydralisk  
  60  9:54  Drone  
  60  9:57  Drone  
  60  10:00  Drone  
  60  10:01  Ravager  
  60  10:04  Roach  
  60  10:06  Drone  
  65  10:10  Drone  
  65  10:12  Roach  
  68  10:16  Roach  
  68  10:18  Roach  
  72  10:22  Roach  
  72  10:25  Infestor  
  72  10:28  Drone  
  76  10:40  Roach, Hydralisk  
  74  10:43  Roach, Zergling x2  
  74  10:46  Zergling x2  
  52  10:51  Roach  
  52  10:53  Hydralisk  
  41  11:06  Zergling x2  
  41  11:08  Ravager  
Show
View Real Time Build Order
Export as new Build Order

Echo Zerg - Winner!

Build Orders: Pool First 

Get SALT Encoding   

  12  0:20  Spawning Pool  
  11  0:22  Drone  
  12  0:29  Drone  
  12  0:33  Drone  
  14  0:40  Overlord  
  14  1:07  Zergling x6  
  17  1:18  Hatchery  
  17  1:19  Zergling x2  
  17  1:30  Overlord  
  17  1:40  Drone  
  17  1:42  Extractor  
  17  1:52  Drone  
  17  1:53  Queen  
  20  2:02  Drone  
  21  2:22  Zergling x2  
  22  2:24  Drone  
  22  2:34  Drone x2  
  23  2:54  Drone  
  23  2:55  Drone x3, Baneling Nest  
  26  3:02  Queen  
  26  3:03  Overlord, Spine Crawler  
  27  3:20  Drone  
  27  3:23  Metabolic Boost  
  27  3:26  Zergling x6  
  32  3:27  Zergling x2  
  32  3:33  Drone x2  
  34  3:37  Overlord  
  34  3:44  Zergling x4  
  36  3:53  Overlord  
  36  3:54  Overlord  
  36  3:58  Zergling x4  
  38  4:06  Drone x2  
  40  4:10  Zergling x2  
  40  4:15  Baneling x4  
  41  4:21  Drone  
  41  4:23  Drone x3  
  45  4:25  Extractor  
  45  4:26  Overlord  
  45  4:29  Zergling x2  
  45  4:40  Queen  
  45  4:42  Drone x2  
  45  4:45  Zergling x2  
  50  4:47  Baneling x2  
  50  4:48  Baneling  
  50  4:57  Drone x2  
  50  4:58  Zergling x2  
  50  4:59  Zergling x4  
  54  5:06  Drone x3, Evolution Chamber  
  56  5:14  Zergling x8  
  60  5:22  Queen  
  60  5:24  Overlord  
  62  5:41  Zergling x10  
  67  5:44  Drone x2  
  67  5:45  Drone x2  
  67  5:48  Extractor  
  67  5:49  Drone  
  71  5:50  Extractor  
  70  6:00  Zergling x4  
  70  6:03  Drone x2  
  74  6:16  Hatchery  
  68  6:38  Zergling x2  
  68  6:39  Zergling x14  
  75  6:41  Overlord x2  
  61  7:11  Lair  
  55  7:25  Drone x2  
  55  7:26  Overlord, Drone  
  55  7:27  Overlord  
  58  7:32  Queen  
  60  7:46  Evolution Chamber  
  60  7:48  Zerg Ground Armor Level 1  
  60  7:50  Zergling x2  
  60  7:51  Zergling x22  
  71  7:54  Drone  
  73  8:05  Drone  
  73  8:12  Zerg Melee Weapons Level 1  
  73  8:13  Centrifugal Hooks  
  73  8:18  Hydralisk Den  
  73  8:19  Zergling x18  
  81  8:21  Baneling  
  81  8:22  Baneling x8  
  81  8:23  Baneling x8  
  81  8:24  Overlord x2  
  81  8:25  Overlord x3  
  81  8:29  Overseer  
  81  8:33  Overseer x2  
  81  8:34  Overseer x2  
  81  8:36  Overlord x2  
  81  8:38  Zergling x2  
  82  8:50  Zergling x14  
  82  8:54  Drone  
  82  8:55  Drone  
  91  8:56  Drone  
  91  8:58  Drone  
  75  9:20  Zergling x10  
  75  9:21  Zergling x8  
  74  9:40  Zergling x2  
  74  9:41  Zergling x20  
  78  9:57  Zergling x12  
  78  9:58  Zergling x4  
  82  10:14  Baneling x5  
  82  10:15  Baneling x7  
  82  10:16  Baneling x3, Zergling x2  
  82  10:17  Zergling x14  
  90  10:22  Drone x4  
  94  10:33  Overlord x3  
  94  10:34  Overlord  
  83  10:49  Zergling x18  
  81  11:04  Zergling x2  
  81  11:05  Zergling x16  
  90  11:16  Drone x4  
  90  11:17  Drone  
Tags
 
League
Gold
Matchup
ZvZ
Race
Zerg
Spawn Locations
Cross Positions
Add a new tag
Caveats
  • Supply blocks, unpowered buildings, or Contaminate may cause inaccurate times.
  • Supply counts are checked every 10 seconds.